 Dungeon Crawl Stone Soup version 0.26-a0-708-g17f3b190f9 (webtiles) character file.

Game seed: 8940949502040932113

252086 ringo67 the Warrior (level 19, -10/181 HPs)
             Began as a Ghoul Ice Elementalist on Oct 27, 2020.
             Was the Champion of Vehumet.
             Shot with a bolt by a yaktaur captain (18 damage)
             ... on level 1 of the Vaults on Oct 28, 2020.
             The game lasted 02:09:45 (45634 turns).

ringo67 the Warrior (Ghoul Ice Elementalist)       Turns: 45634, Time: 02:09:46

Health: -10/181    AC:  6    Str: 14    XL:     19   Next: 68%
Magic:  16/28      EV: 25    Int: 22    God:    Vehumet [******]
Gold:   1802       SH: 12    Dex: 13    Spells: 3/32 levels left

rFire    + + .     SeeInvis +   h - +10 war axe "Noptuh" {venom, rElec rPois rF+}
rCold    + + .     Faith    .   y - +2 buckler
rNeg     + + +     Spirit   .   X - +3 ring mail of Dishonesty {rF+ rC+ SInv}
rPois    ∞         Reflect  +   W - +1 hat of Inevitability {*Corrode Int+8 Dex+4}
rElec    +         Harm     .   u - +2 cloak
rCorr    .         Rampage  .   g - +0 pair of gloves
MR       +....                  S - +1 pair of boots of Xafrux {Int-2 Slay+4}
Stlth    +.........             x - amulet of reflection
HPRegen  0.00/turn              k - +4 ring of evasion
MPRegen  0.21/turn              r - +4 ring of evasion

@: marked, corroded, frozen ramparts, studying Spellcasting
A: rotting body, claws 1, cold resistance 1, negative energy resistance 3,
inhibited regeneration, torment resistance, unbreathing
}: 2/15 runes: barnacled, gossamer
a: Renounce Religion


You were on level 1 of the Vaults.
You worshipped Vehumet.
Vehumet was exalted by your worship.
You visited 7 branches of the dungeon, and saw 33 of its levels.
You also visited: Sewer, Bailey and Gauntlet.

You collected 5555 gold pieces.
You spent 3753 gold pieces at shops.

Inventory:

Hand Weapons
 a - the +3 Elemental Staff {rElec rF++ rC++ MR++ AC+5}
   (You acquired it on level 10 of the Dungeon)

   It affects your AC (+5).
   It greatly protects you from fire.
   It greatly protects you from cold.
   It insulates you from electricity.
   It affects your resistance to hostile enchantments.
 b - the +8 flail of Tender Mercy {flame, rPois rC+ rN+}
   (You found it on level 4 of the Dungeon)

   It has been specially enchanted to burn those struck by it, causing extra
   injury to most foes and up to half again as much damage against particularly
   susceptible opponents.
   It protects you from cold.
   It protects you from poison.
   It protects you from negative energy.
 h - the +10 war axe "Noptuh" (weapon) {venom, rElec rPois rF+}
   (You found it on level 11 of the Dungeon)

   It poisons the flesh of those it strikes.
   It protects you from fire.
   It insulates you from electricity.
   It protects you from poison.
 p - a +3 dagger of venom
Missiles
 C - 5 curare-tipped darts (quivered)
Armour
 g - a +0 pair of gloves (worn)
 u - a +2 cloak (worn)
 y - a +2 buckler (worn)
 I - a +0 leather armour of fire resistance
 S - the +1 pair of boots of Xafrux (worn) {Int-2 Slay+4}
   (You found it in a Gauntlet)

   It affects your intelligence (-2).
   It affects your accuracy and damage with ranged weapons and melee attacks
   (+4).
 W - the +1 hat of Inevitability (worn) {*Corrode Int+8 Dex+4}
   (You found it on level 3 of the Lair of Beasts)

   It affects your intelligence (+8).
   It affects your dexterity (+4).
   It may corrode you when you take damage.
 X - the +3 ring mail of Dishonesty (worn) {rF+ rC+ SInv}
   (You found it on level 4 of the Lair of Beasts)

   It protects you from fire.
   It protects you from cold.
   It lets you see invisible.
Jewellery
 k - a +4 ring of evasion (left hand)
 o - an uncursed ring of fire
 r - a +4 ring of evasion (right hand)
 x - an amulet of reflection (around neck)
 F - the ring "Syor" {rF+ rC+ rN+ Stlth-}
   (You found it in a Gauntlet)

   [ring of positive energy]

   It protects you from fire.
   It protects you from cold.
   It protects you from negative energy.
   It makes you less stealthy.
 G - an uncursed ring of wizardry
 L - an uncursed amulet of guardian spirit
Wands
 i - a wand of random effects (55)
 j - a wand of enslavement (10)
 l - a wand of acid (29)
 v - a wand of polymorph (37)
 B - a wand of paralysis (18)
 E - a wand of disintegration (16)
 Q - a wand of flame (16)
 T - a wand of iceblast (48)
 Y - a wand of digging (11)
Scrolls
 f - 6 scrolls of amnesia
 m - 11 scrolls of remove curse
 s - 2 scrolls of identify
 w - 13 scrolls of teleportation
 z - a scroll of summoning
 D - 5 scrolls of immolation
 K - 3 scrolls of fog
 M - 9 scrolls of enchant armour
 N - a scroll of brand weapon
 P - 2 scrolls of enchant weapon
Potions
 c - 3 potions of resistance
 d - 4 potions of flight
 e - 25 potions of curing
 n - 3 potions of magic
 q - 4 potions of cancellation
 t - a potion of berserk rage
 A - 2 potions of haste
 H - 8 potions of might
 J - 5 potions of ambrosia
 R - 7 potions of brilliance
 Z - 2 potions of invisibility
Books
 O - a manual of Spellcasting


   Skills:
 + Level 18.8 Fighting
 - Level 10.3 Armour
 - Level 12.0 Dodging
 - Level 2.1 Stealth
 - Level 4.0 Shields
 - Level 7.0 Spellcasting
 - Level 4.0 Conjurations
 + Level 13.1 Summonings
 + Level 12.6 Translocations
 - Level 11.0 Ice Magic
 - Level 1.3 Air Magic


You had 3 spell levels left.
You knew the following spells:

 Your Spells              Type           Power        Failure   Level
a - Freeze                Ice            ####         1%          1
b - Frozen Ramparts       Ice            ######       1%          3
c - Blink                 Tloc           N/A          1%          2
d - Summon Ice Beast      Ice/Summ       ######..     1%          4
e - Freezing Cloud        Conj/Ice/Air   ####......   50%         6
f - Malign Gateway        Summ/Tloc      ######....   52%         7
g - Ozocubu's Refrigerat  Ice            ######....   7%          6

Your spell library contained the following spells:

 Spells                   Type           Power        Failure   Level
 Ignition                 Fire           #.........   100%        8
 Lehudib's Crystal Spear  Conj/Erth      ###.......   100%        8
 Tornado                  Air            ##........   100%        9
 Apportation              Tloc           ######       1%          1
 Magic Dart               Conj           ####         1%          1
 Summon Small Mammal      Summ           ####         1%          1
 Call Imp                 Summ           ######..     1%          2
 Gell's Gravitas          Tloc           ######....   1%          3
 Ozocubu's Armour         Ice            ######..     1%          3
 Conjure Flame            Conj/Fire      ###.....     5%          3
 Mephitic Cloud           Conj/Pois/Air  ###.....     5%          3
 Ignite Poison            Fire/Tmut/Pois #.......     11%         3
 Animate Skeleton         Necr           #.....       14%         1
 Corona                   Hex            #......      14%         1
 Sting                    Tmut/Pois      #...         14%         1
 Poisonous Vapours        Pois/Air       ##....       16%         2
 Slow                     Hex            #.......     22%         2
 Confusing Touch          Hex            #.......     38%         3
 Hailstorm                Conj/Ice       #####...     1%          4
 Iskenderun's Mystic Bla  Conj/Tloc      #####...     1%          4
 Summon Forest            Summ/Tloc      ######....   1%          5
 Olgreb's Toxic Radiance  Pois           #.......     32%         4
 Fireball                 Conj/Fire      ###.......   38%         5
 Metabolic Englaciation   Hex/Ice        ####......   38%         5
 Bolt of Magma            Conj/Fire/Erth ##........   47%         5
 Monstrous Menagerie      Summ           ######....   50%         7
 Summon Greater Demon     Summ           ######....   50%         7
 Yara's Violent Unravell  Hex/Tmut       #.........   65%         5
 Cause Fear               Hex            #.........   80%         4
 Petrify                  Tmut/Erth      #.......     80%         4
 Simulacrum               Ice/Necr       ####......   92%         6
 Silence                  Hex/Air        ##........   96%         5
 Summon Horrible Things   Summ           ######....   99%         8
 Discord                  Hex            #.........   100%        8
 Beastly Appendage        Tmut           Unusable     N/A         1
 Wereblood                Tmut           Unusable     N/A         2
 Spider Form              Tmut/Pois      Unusable     N/A         3
 Ice Form                 Ice/Tmut       Unusable     N/A         4
 Blade Hands              Tmut           Unusable     N/A         5

Dungeon Overview and Level Annotations

Branches:
Dungeon (15/15)            Temple (1/1) D:4            Lair (6/6) D:8
 Shoals (4/4) Lair:4       Spider (4/4) Lair:3        Slime (0/5) Lair:5
    Orc (2/2) D:9             Elf (0/3) Orc:2        Vaults (1/5) D:13
 Depths (0/5) D:15          Sewer (visited)          Bailey (visited)
Gauntlet (visited)

Altars:
Ashenzari
Cheibriados
Dithmenos
Elyvilon
Fedhas
Gozag
Hepliaklqana
Kikubaaqudgha
Makhleb
Nemelex Xobeh
Okawaru
Qazlal
Ru
Sif Muna
Trog
Uskayaw
Vehumet
Wu Jian
Xom
Yredelemnul
Zin
The Shining One
Beogh
Jiyva

Shops:
D:6 !   D:8 =   D:10 *   D:12 (   D:15 *   Orc:2 [:(:   Shoals:4 (

Portals:
Trove: D:13 (give 7 potions of haste)

Annotations:
D:7 3 runed translucent doors, CowFu's ghost, novice HOMo; Frask's ghost, novice MiFi; Maimakterion's ghost, novice OpEE; Melum's ghost, novice DsWn; jasper's ghost, novice DEBe
Lair:1 exclusion: 2 oklob plants
Lair:3 2 transporters, Feulaj's ghost, journeyman MiBe
Orc:1 1 runed translucent door, jiml777's ghost, journeyman DEAE


Innate Abilities, Weirdness & Mutations

Your body is rotting away.
You thrive by killing the living.
You are immune to poison.
You have sharp fingernails.
Your flesh is cold resistant. (rC+)
You are immune to negative energy. (rN+++)
You do not regenerate when monsters are visible.
You are immune to unholy pain and torment.
You can survive without breathing.


Message History

A chill wind blows around you.
Your ice beast closely misses the skeletal warrior.
The skeletal warrior resists.
The wall freezes the skeletal warrior.
The skeletal warrior misses you. What are your orders? t - Shout!
Orders for allies: a - Attack new target. r - Retreat! s - Stop attacking. g - Guard the area. f - Follow me.
Anything else - Cancel.
Gang up on whom?
Press: ? - help, Dir - move target cursor, f - skeletal warrior
Aim: a skeletal warrior, wielding a +0 glaive (almost destroyed) Attack!
Your surroundings suddenly seem different.
A yaktaur captain comes into view.
The yaktaur captain shouts!
The yaktaur captain wields a +0 arbalest.
The yaktaur captain shoots a bolt.
The bolt hits you!!
You die...

#......#
#....c.#
#......#
#......#
#......#
#......#
#......#
#@.....#
#......#
#......#
+......#
#......#
#......#
########
##########


You could see a yaktaur captain.

Vanquished Creatures
  Arachne (Spider:4)
  Jorgrun (Orc:1)
  Gastronok (Lair:1)
  Donald (Spider:2)
  The ghost of Cohub the Geomancer, an adept GrEE of Vehumet (D:14)
  A ghost moth (Spider:3)
  7 emperor scorpions (Spider:4)
  A frost giant (Vaults:1)
  A minotaur (Gauntlet)
  Snorg (Lair:3)
  6 merfolk javelineers
  6 merfolk impalers
  3 fire dragons
  The ghost of Frask the Severer, a journeyman MiFi of Okawaru (D:11)
  Josephine (Orc:1)
  4 hydras
  2 yaktaur captains (Vaults:1)
  Erolcha (Orc:1)
  6 boulder beetles
  4 catoblepae
  2 merfolk aquamancers
  4 merfolk avatars
  3 centaur warriors
  An alligator snapping turtle (Shoals:3)
  3 satyrs
  An ogre mage (Vaults:1)
  8 two-headed ogres
  3 orc high priests (Orc:2)
  2 deep elf knights (Vaults:1)
  Urug (D:12)
  2 fire crabs (Shoals:4)
  An unseen horror (D:14)
  13 sea snakes
  An ironbrand convoker (Vaults:1)
  Pikel (D:6)
  2 wizards
  5 orc knights
  A lindwurm (Lair:6)
  A spectral wolf spider (Gauntlet)
  4 harpies
  14 orb spiders
  20 ugly things
  4 deep elf magi
  34 wolf spiders
  2 oklob plants
  4 cyclopes
  2 moths of wrath
  24 fauns
  13 manticores
  3 orc sorcerers (Orc:2)
  12 elephants
  8 black mambas
  4 water nymphs
  6 merfolk sirens
  Maurice (D:11)
  3 molten gargoyles
  2 gargoyles (Gauntlet)
  Joseph (D:9)
  4 torpor snails
  4 vault sentinels (Vaults:1)
  Maggie (D:10)
  4 yaktaurs (Vaults:1)
  6 rime drakes
  13 cane toads
  5 kobold demonologists
  9 komodo dragons
  11 trolls
  12 demonic crawlers
  A guardian mummy (D:13)
  2 meliai (D:12)
  A troll (shapeshifter) (Vaults:1)
  3 hornets
  32 jumping spiders
  A polar bear (Lair:6)
  23 merfolk
  23 blink frogs
  4 wind drakes
  A blink frog (shapeshifter) (D:13)
  Prince Ribbit (D:7)
  5 snapping turtles
  11 slime creatures
  4 dream sheep (Shoals:2)
  95 redbacks
  5 wraiths
  3 vampires
  24 tarantellas
  41 yaks
  2 fire bats (Shoals:4)
  5 water elementals
  6 wyverns
  Eustachio (D:4)
  9 basilisks
  4 vampire mosquitoes
  Edmund (D:4)
  Menkaure (D:6)
  3 steam dragons
  9 wargs
  5 hell hounds (Lair:6)
  An acid dragon (shapeshifter) (Vaults:1)
  2 soldier ants
  19 water moccasins
  A floating eye (D:13)
  7 ice beasts
  2 nameless horrors
  4 sky beasts
  A swamp drake (D:8)
  2 eyes of draining
  17 ogres
  27 orc warriors
  A black bear (D:9)
  3 phantoms
  A necrophage (D:11)
  5 centaurs
  4 lemures (D:6)
  11 big kobolds
  15 bullfrogs
  A gnoll sergeant (D:11)
  A wyvern zombie (D:12)
  A water moccasin zombie (D:8)
  4 scorpions
  A scorpion (shapeshifter) (D:14)
  5 wyvern skeletons
  26 killer bees
  3 wights (D:11)
  3 electric eels
  4 jellies
  4 howler monkeys
  A centaur zombie (D:11)
  5 lava snakes (Lair:6)
  Crazy Yiuf (D:6)
  25 orc priests
  3 bullfrog skeletons
  6 hounds
  4 centaur skeletons
  3 iguanas
  30 orc wizards
  8 worker ants
  5 hell rats (Lair:5)
  A bullfrog simulacrum (D:6)
  2 hound zombies
  Robin (D:2)
  A worker ant zombie (D:9)
  26 gnolls
  16 adders
  5 white imps
  An ufetubus (D:9)
  An adder zombie (D:7)
  2 oozes
  2 worms
  3 dart slugs
  7 leopard geckos
  101 orcs
  14 giant cockroaches
  14 goblins
  20 hobgoblins
  20 jackals
  4 quokkas
  5 ball pythons
  A ball python skeleton (D:4)
  7 bats
  11 frilled lizards
  39 kobolds
  3 leopard gecko skeletons
  A quokka simulacrum (D:6)
  A quokka skeleton (D:6)
  13 rats
  A bush (Lair:4)
1251 creatures vanquished.

Vanquished Creatures (collateral kills)
  2 hydras
  A boulder beetle (D:12)
  Erica (Orc:1)
  A two-headed ogre (D:9)
  A skeletal warrior (Vaults:1)
  A death drake (Gauntlet)
  An orb spider (Spider:1)
  An orc knight (Orc:2)
  A manticore (D:14)
  Psyche (D:9)
  The ghost of pigah the Magician, a novice DrWn of Okawaru (D:6)
  A komodo dragon (Lair:4)
  A jumping spider (Spider:1)
  A slime creature (D:8)
  A meliai zombie (Gauntlet)
  A redback (Spider:4)
  A yak (D:13)
  3 basilisks
  A warg (Orc:1)
  An ice beast (D:6)
  A gnoll sergeant (D:9)
  3 bullfrogs (Lair:1)
  A wyvern skeleton (D:9)
  A nameless horror (D:6)
  2 wights (D:11)
  An electric eel (D:9)
  An orc priest (Orc:2)
  An iguana (D:9)
  A white imp (D:6)
  2 orcs (D:9)
  A giant cockroach simulacrum (D:6)
  A jackal simulacrum (D:6)
39 creatures vanquished.

Vanquished Creatures (others)
  A wolf spider (Spider:1)
  A manticore (Shoals:2)
  A redback (Spider:4)
  A tarantella (Spider:1)
  A wraith (Orc:1)
  A floating eye (D:13)
  2 bullfrogs (D:13)
  A bullfrog skeleton (D:13)
  A kobold (D:14)
  23 fungi
  282 plants
315 creatures vanquished.

Grand Total: 1605 creatures vanquished

Notes
Turn   | Place    | Note
-------+----------+-------------------------------------------
     0 | D:1      | ringo67 the Ghoul Ice Elementalist began the quest for the
                  | Orb.
     0 | D:1      | Reached XP level 1. HP: 14/14 MP: 2/2
   459 | D:1      | Reached XP level 2. HP: 22/22 MP: 0/3
   772 | D:1      | Reached skill level 1 in Fighting
  1113 | D:1      | Reached XP level 3. HP: 28/28 MP: 5/5
  1179 | D:1      | Learned a level 3 spell: Frozen Ramparts
  1573 | D:2      | Reached skill level 5 in Ice Magic
  1742 | D:2      | Noticed Robin
  1768 | D:2      | Killed Robin
  1964 | D:2      | Reached XP level 4. HP: 35/35 MP: 3/6
  2359 | D:2      | Reached skill level 2 in Fighting
  2772 | D:3      | Reached XP level 5. HP: 39/41 MP: 7/7
  3230 | D:3      | Found a faded altar of an unknown god.
  3338 | D:3      | Learned a level 2 spell: Blink
  3717 | D:3      | Noticed an orc warrior
  3740 | D:3      | Killed an orc warrior
  3740 | D:3      | Reached skill level 1 in Translocations
  3740 | D:3      | Reached XP level 6. HP: 50/50 MP: 4/9
  3871 | D:3      | Reached skill level 3 in Fighting
  4016 | D:4      | Noticed Edmund
  4169 | D:4      | Killed Edmund
  4169 | D:4      | Reached XP level 7. HP: 28/57 MP: 5/10
  4345 | D:4      | Found a glowing drain.
  4363 | D:4      | Noticed Eustachio
  4365 | Sewer    | Entered a sewer
  4615 | Sewer    | Reached skill level 4 in Fighting
  4676 | D:4      | Killed Eustachio
  4676 | D:4      | Reached XP level 8. HP: 46/66 MP: 4/12
  4833 | D:4      | Found a staircase to the Ecumenical Temple.
  4841 | Temple   | Entered the Ecumenical Temple
  5479 | D:4      | Learned a level 4 spell: Summon Ice Beast
  5673 | D:4      | Got a crude flail
  5674 | D:4      | Identified the +8 flail of Tender Mercy {flame, rPois rC+
                  | rN+} (You found it on level 4 of the Dungeon)
  5730 | D:5      | Entered Level 5 of the Dungeon
  5891 | D:5      | Reached skill level 5 in Fighting
  5926 | D:5      | Got a buzzing leather armour
  5949 | D:5      | Identified the cursed +0 leather armour of Qazlal's Hope
                  | {rCorr Int+5} (You found it on level 5 of the Dungeon)
  6106 | D:5      | Reached skill level 1 in Shields
  6106 | D:5      | Reached skill level 1 in Summonings
  6304 | D:5      | Found a snail-covered altar of Cheibriados.
  6445 | D:6      | Found a runed translucent gate.
  6445 | D:6      | Found a runed translucent gate.
  6445 | D:6      | Found a runed translucent gate.
  6566 | D:6      | Noticed Menkaure
  6574 | D:6      | Killed Menkaure
  6574 | D:6      | Reached XP level 9. HP: 74/74 MP: 10/14
  6782 | D:6      | Noticed pigah's ghost (novice DrWn)
  6793 | D:6      | Reached skill level 5 in Spellcasting
  6801 | D:6      | Reached skill level 6 in Fighting
  6975 | D:6      | Found Men Qume's Distillery.
  7033 | D:6      | Noticed Pikel
  7044 | D:6      | Killed Pikel
  7073 | D:6      | Got a crude robe
  7074 | D:6      | Identified the +1 robe of Inference {rElec rF+} (You found
                  | it on level 6 of the Dungeon)
  7110 | D:6      | You fall into a shaft and drop 2 floors!
  7125 | D:7      | Reached XP level 10. HP: 47/84 MP: 14/17
  7291 | D:7      | Noticed Prince Ribbit
  7330 | D:7      | Reached skill level 7 in Fighting
  7427 | D:7      | Reached skill level 1 in Armour
  7451 | D:7      | Killed Prince Ribbit
  7605 | D:7      | Got a masterwork short sword
  7606 | D:7      | Identified the +5 short sword of Doom {flame, Fragile rN+
                  | Int+7} (You found it on level 7 of the Dungeon)
  7612 | D:7      | Found a runed translucent gate.
  7613 | D:7      | Found a runed translucent gate.
  7614 | D:7      | Found a runed translucent gate.
  7615 | D:7      | Noticed Maimakterion's ghost (novice OpEE)
  7616 | D:7      | Noticed Frask's ghost (novice MiFi)
  7616 | D:7      | Noticed Melum's ghost (novice DsWn)
  7616 | D:7      | Noticed jasper's ghost (novice DEBe)
  7616 | D:7      | Noticed CowFu's ghost (novice HOMo)
  7651 | D:7      | Found a burning altar of Makhleb.
  7682 | D:6      | Found a stormy altar of Qazlal.
  7682 | D:6      | Found an iron altar of Okawaru.
  7758 | D:6      | Found a runed translucent door.
  7759 | D:6      | Noticed Crazy Yiuf
  7974 | D:6      | Killed Crazy Yiuf
  8172 | D:6      | Killed pigah's ghost
  8172 | D:6      | Reached skill level 10 in Ice Magic
  8185 | D:6      | Got the ring "Cabeikk" {Fire}
  8377 | D:7      | Found a radiant altar of Vehumet.
  8382 | D:7      | Became a worshipper of Vehumet
  9050 | D:8      | Found Diosih's Jewellery Boutique.
  9200 | D:8      | Found a staircase to the Lair.
  9410 | D:8      | Reached skill level 8 in Fighting
  9803 | D:9      | Noticed Joseph
  9993 | D:9      | Noticed Psyche
 10002 | D:9      | Killed Psyche
 10002 | D:9      | Reached XP level 11. HP: 90/95 MP: 16/20
 10010 | D:9      | Found a staircase to the Orcish Mines.
 10035 | D:9      | Found a shimmering altar of Xom.
 10035 | D:9      | Noticed an angel
 10036 | D:9      | Found a glowing silver altar of Zin.
 10130 | D:9      | Noticed a two-headed ogre
 10156 | D:9      | Killed a two-headed ogre
 10183 | D:9      | Found a flagged portal.
 10197 | D:9      | Reached * piety under Vehumet
 10197 | D:9      | Offered knowledge of Foxfire by Vehumet.
 10222 | Bailey   | Entered a bailey
 10495 | Bailey   | Noticed an orc knight
 10511 | Bailey   | Killed an orc knight
 10966 | D:9      | Reached skill level 9 in Fighting
 10966 | D:9      | Reached skill level 5 in Dodging
 11017 | D:9      | Killed Joseph
 11017 | D:9      | Reached ** piety under Vehumet
 11044 | D:9      | Offered knowledge of Searing Ray by Vehumet.
 11067 | D:9      | Reached skill level 5 in Armour
 11656 | Lair:1   | Entered Level 1 of the Lair of Beasts
 11657 | Lair:1   | Noticed Gastronok
 11698 | Lair:1   | Killed Gastronok
 11698 | Lair:1   | Reached skill level 10 in Fighting
 12071 | Lair:1   | Reached XP level 12. HP: 106/106 MP: 21/21
 12361 | Lair:1   | Found a snail-covered altar of Cheibriados.
 13083 | Lair:2   | Noticed an eight-headed hydra
 13098 | Lair:2   | Killed an eight-headed hydra
 13161 | Lair:2   | Reached skill level 11 in Fighting
 13217 | Lair:2   | Found a gate leading to a gauntlet.
 13227 | Gauntlet | Entered a Gauntlet
 13227 | Gauntlet | Found a transporter.
 13227 | Gauntlet | Found a transporter.
 13227 | Gauntlet | Found a transporter.
 13415 | Gauntlet | Found a transporter.
 13418 | Gauntlet | Found a transporter.
 13420 | Gauntlet | Noticed a catoblepas
 13430 | Gauntlet | Found a transporter.
 13449 | Gauntlet | Found a transporter.
 13455 | Gauntlet | Found a transporter.
 13463 | Gauntlet | Found a transporter.
 13480 | Gauntlet | Found a transporter.
 13488 | Gauntlet | Found a transporter.
 13508 | Gauntlet | Found a transporter.
 13597 | Gauntlet | Got a fine jade ring
 13615 | Gauntlet | Offered knowledge of Ignite Poison by Vehumet.
 13876 | Gauntlet | Identified the ring "Syor" {rF+ rC+ rN+ Stlth-} (You found
                  | it in a Gauntlet)
 13910 | Gauntlet | Got a pair of ichor-stained boots
 13915 | Gauntlet | Killed a catoblepas
 14052 | Gauntlet | Identified the +1 pair of boots of Xafrux {Int-2 Slay+4}
                  | (You found it in a Gauntlet)
 14116 | Gauntlet | Noticed a minotaur
 14123 | Gauntlet | Killed a minotaur
 14663 | Lair:3   | Found a transporter.
 14706 | Lair:3   | Found a hole to the Spider Nest.
 14724 | Lair:3   | Reached *** piety under Vehumet
 14774 | Lair:3   | Reached XP level 13. HP: 114/117 MP: 22/22
 14900 | Lair:3   | Noticed Snorg
 14922 | Lair:3   | Identified the +9 trident of Pestilence {antimagic, rC+}
 14936 | Lair:3   | Killed Snorg
 15019 | Lair:3   | Noticed Feulaj's ghost (journeyman MiBe)
 15026 | Lair:3   | Identified the +1 trident of the Wasteland {antimagic,
                  | Str+3}
 15078 | Lair:3   | Found a transporter.
 15084 | Lair:3   | Found a bloodstained altar of Trog.
 15128 | Lair:3   | Reached skill level 12 in Fighting
 15183 | Lair:3   | Offered knowledge of Inner Flame by Vehumet.
 15825 | Lair:3   | Found a runed translucent door.
 15972 | Lair:3   | Got a brightly glowing whip
 15974 | Lair:3   | Got a transparent hat
 16462 | Lair:4   | Identified the +7 whip of Hepliaklqana {vorpal, +Rage} (You
                  | found it on level 3 of the Lair of Beasts)
 16464 | Lair:4   | Identified the +1 hat of Inevitability {*Corrode Int+8
                  | Dex+4} (You found it on level 3 of the Lair of Beasts)
 16984 | Lair:4   | Reached **** piety under Vehumet
 17139 | Lair:4   | Got a steaming ring mail
 17140 | Lair:4   | Identified the +3 ring mail of Dishonesty {rF+ rC+ SInv}
                  | (You found it on level 4 of the Lair of Beasts)
 17202 | Lair:4   | Found a staircase to the Shoals.
 17718 | Lair:5   | Offered knowledge of Airstrike by Vehumet.
 17815 | Lair:5   | Reached skill level 13 in Fighting
 17879 | Lair:5   | Reached skill level 10 in Dodging
 18019 | Lair:5   | Reached XP level 14. HP: 129/129 MP: 23/23
 18067 | Lair:5   | Found a viscous altar of Jiyva.
 18068 | Lair:5   | Found a staircase to the Slime Pits.
 18388 | Lair:6   | Entered Level 6 of the Lair of Beasts
 18399 | Lair:6   | Reached skill level 10 in Armour
 18602 | Lair:6   | Reached ***** piety under Vehumet
 18602 | Lair:6   | Offered knowledge of Freezing Cloud by Vehumet.
 18617 | Lair:6   | Learned a level 6 spell: Freezing Cloud
 19123 | Lair:6   | Reached skill level 1 in Conjurations
 19451 | Lair:6   | Found a large runed translucent door.
 19452 | Lair:6   | Found a large runed translucent door.
 19589 | Lair:6   | Identified the Volume of the Burning Compass
 20003 | Orc:1    | Entered Level 1 of the Orcish Mines
 20135 | Orc:1    | Noticed Erica
 20136 | Orc:1    | Noticed Josephine
 20149 | Orc:1    | Killed Josephine
 20149 | Orc:1    | Reached skill level 5 in Summonings
 20149 | Orc:1    | Noticed Erolcha
 20153 | Orc:1    | Killed Erica
 20155 | Orc:1    | Noticed Jorgrun
 20170 | Orc:1    | Killed Erolcha
 20179 | Orc:1    | Reached skill level 14 in Fighting
 20182 | Orc:1    | Killed Jorgrun
 20445 | Orc:1    | You fall into a shaft and drop 1 floor!
 20445 | Orc:2    | Entered Level 2 of the Orcish Mines
 20445 | Orc:2    | Found a staircase to the Elven Halls.
 20616 | Orc:1    | Found a burning altar of Makhleb.
 20653 | Orc:1    | Found a runed translucent door.
 20653 | Orc:1    | Found a shimmering altar of Xom.
 20653 | Orc:1    | Noticed jiml777's ghost (journeyman DEAE)
 20668 | Orc:1    | Offered knowledge of Sticky Flame by Vehumet.
 21175 | Orc:2    | Found a roughly hewn altar of Beogh.
 21545 | Orc:2    | Reached XP level 15. HP: 79/138 MP: 21/24
 21967 | Orc:2    | Reached skill level 1 in Air Magic
 22143 | Orc:2    | Found Ruatiola's Weapon Shop.
 22143 | Orc:2    | Found Zop Jium's Book Shoppe.
 22145 | Orc:2    | Found Xupsit's Antique Armour Shop.
 22145 | Orc:2    | Found Qeb Hui's Book Shoppe.
 22166 | Orc:2    | Bought a pair of embroidered gloves for 195 gold pieces
 22181 | Orc:2    | Bought a Grand Grimoire for 1324 gold pieces
 22189 | Orc:2    | Learned a level 7 spell: Malign Gateway
 22327 | D:10     | Entered Level 10 of the Dungeon
 22503 | D:10     | Noticed Maggie
 22512 | D:10     | Killed Maggie
 22538 | D:10     | Offered knowledge of Conjure Ball Lightning by Vehumet.
 22680 | D:10     | Found Luosiqyd's General Store.
 22681 | D:10     | Identified 2 scrolls of acquirement
 22681 | D:10     | Acquired 1270 gold pieces
 22685 | D:10     | Acquired the +3 Elemental Staff {rElec rF++ rC++ MR++ AC+5}
 22686 | D:10     | Found the +3 Elemental Staff {rElec rF++ rC++ MR++ AC+5}
 23446 | D:11     | Noticed Maurice
 23467 | D:11     | Killed Maurice
 23766 | D:11     | Reached skill level 5 in Translocations
 23766 | D:11     | Reached XP level 16. HP: 147/147 MP: 25/25
 23862 | D:11     | Found a runed translucent gate.
 23862 | D:11     | Found a runed translucent gate.
 23862 | D:11     | Found a runed translucent gate.
 23863 | D:11     | Noticed Frask's ghost (journeyman MiFi)
 24010 | D:11     | Killed Frask's ghost
 24272 | D:11     | Got a smoking war axe
 24472 | D:12     | Found Pitoiry's Antique Weapon Shoppe.
 24515 | D:12     | Noticed Urug
 24529 | D:12     | Killed Urug
 25088 | D:12     | You fall into a shaft and drop 1 floor!
 25179 | D:13     | Paralysed by a floating eye for 3 turns
 25184 | D:13     | Offered knowledge of Irradiate by Vehumet.
 25280 | D:13     | You fall into a shaft and drop 1 floor!
 25567 | D:12     | Reached skill level 15 in Fighting
 26153 | D:13     | Identified the +10 war axe "Noptuh" {venom, rElec rPois
                  | rF+} (You found it on level 11 of the Dungeon)
 26232 | D:13     | Found a sparkling altar of Nemelex Xobeh.
 26438 | D:13     | Found a gate to the Vaults.
 26557 | D:13     | Found a portal to a secret trove of treasure.
 27494 | D:14     | Found a large runed translucent door.
 27495 | D:14     | Found a large runed translucent door.
 27497 | D:14     | Noticed Cohub's ghost (adept GrEE)
 27511 | D:14     | Killed Cohub's ghost
 27628 | D:15     | Entered Level 15 of the Dungeon
 27668 | D:15     | Found Corr's General Store.
 27852 | D:15     | Found a staircase to the Depths.
 27900 | D:15     | Offered knowledge of Lightning Bolt by Vehumet.
 27902 | D:15     | Reached XP level 17. HP: 156/156 MP: 26/26
 28634 | D:15     | Got a polished rapier
 29155 | Spider:1 | Entered Level 1 of the Spider Nest
 29283 | Spider:1 | Identified the cursed +1 rapier of the Saviour {holy, +Inv
                  | Dex+2} (You found it on level 15 of the Dungeon)
 29353 | Spider:1 | Reached skill level 16 in Fighting
 29362 | Spider:1 | Reached ****** piety under Vehumet
 30619 | Spider:2 | Noticed Donald
 30634 | Spider:2 | Killed Donald
 31679 | Spider:2 | Reached skill level 10 in Summonings
 32266 | Spider:3 | Offered knowledge of Iron Shot by Vehumet.
 33596 | Spider:4 | Entered Level 4 of the Spider Nest
 33854 | Spider:4 | Reached XP level 18. HP: 132/168 MP: 27/27
 33957 | Spider:4 | Acquired 862 gold pieces
 33979 | Spider:4 | Noticed Arachne
 33995 | Spider:4 | Reached skill level 10 in Translocations
 33996 | Spider:4 | Killed Arachne
 33996 | Spider:4 | Reached skill level 17 in Fighting
 34229 | Spider:4 | Offered knowledge of Spellforged Servitor by Vehumet.
 35137 | Spider:4 | Got a gossamer rune of Zot
 35526 | Shoals:1 | Entered Level 1 of the Shoals
 36441 | Orc:2    | Bought a manual of Spellcasting for 1324 gold pieces
 36445 | Orc:2    | Bought a book of Ice for 910 gold pieces
 36452 | Orc:2    | Learned a level 6 spell: Ozocubu's Refrigeration
 39533 | Shoals:3 | Found an ancient bone altar of Kikubaaqudgha.
 39739 | Shoals:3 | Reached skill level 18 in Fighting
 40239 | Shoals:3 | Got a pair of polished gloves
 40241 | Shoals:3 | Identified the cursed +0 pair of gloves of Dogma {-Cast
                  | +Fly rC+ Dex+5} (You found it on level 3 of the Shoals)
 40648 | Shoals:4 | Entered Level 4 of the Shoals
 41118 | Shoals:4 | Reached XP level 19. HP: 54/179 MP: 21/28
 41450 | Shoals:4 | Offered knowledge of Lehudib's Crystal Spear by Vehumet.
 41450 | Shoals:4 | Offered knowledge of Tornado by Vehumet.
 41450 | Shoals:4 | Offered knowledge of Ignition by Vehumet.
 42709 | Shoals:4 | Got a smoking tin ring
 42710 | Shoals:4 | Identified the ring of Ethics {rPois MR- Dex+7 Stlth+} (You
                  | found it on level 4 of the Shoals)
 42887 | Shoals:4 | Got a barnacled rune of Zot
 42891 | Shoals:4 | Found Voofunar's Antique Weapon Emporium.
 43721 | Shoals:4 | Identified the ring "Dopej" {Str+5 Dex+2 SInv}
 44201 | Vaults:1 | Entered Level 1 of the Vaults
 45632 | Vaults:1 | HP: 8/181 [skeletal warrior/+0 glaive (22)]
 45634 | Vaults:1 | Shot with a bolt by a yaktaur captain

Illustrated notes

Levels and vault maps discovered:
D:1:      dpeg_arrival_water_temple_mockup, layout_basic, serial_bayou_crossing
D:2:      layout_loops_ring, ebering_dispersal_statue_hall, uniq_robin
D:3:      layout_basic, chequers_ecumenical_altar_grove, minivault_14
D:4:      layout_cave_pools, temple_fountains, gup_sewer_entry_glass,
          uniq_edmund, uniq_eustachio
D:5:      layout_loops_cross, basic_altar
D:6:      layout_rooms, nicolae_overflow_hidden_temple, serial_shops,
          nicolae_shop_stone, gammafunk_ghost_icy, uniq_menkaure, uniq_pikel,
          uniq_crazy_yiuf_cottage
D:7:      layout_basic, lemuel_doored_altar, old_standard_altar,
          gammafunk_ghost_cemetery, kennysheep_generic_room_16,
          uniq_prince_ribbit1
D:8:      layout_gridville, erik_lair_dragon, serial_shops, shop_fountains
D:9:      layout_basic, grunt_temple_overflow_order_and_chaos_1, david_orc_3,
          enter_bailey_2, serial_bayou, serial_bayou_shore_a,
          serial_bayou_shore_b, serial_bayou_pond_d, serial_bayou_shore_b,
          serial_bayou_ford_a, serial_bayou_pond_e, minmay_sticks_and_stones,
          uniq_psyche
D:10:     layout_cave_pods, serial_shops, nicolae_shop_waterfront, uniq_maggie
D:11:     layout_basic, gammafunk_ghost_hydra_chop, nrook_campfire,
          hangedman_decor_clover_reticule, uniq_maurice
D:12:     layout_stronghold, serial_shops, shop, eino_jars, uniq_urug
D:13:     layout_roguey, david_vaults_1, basic_altar,
          nicolae_trove_entry_path_of_doom, onia_ninara_cookie
D:14:     layout_long_grid, ebering_ghost_disaster_area
D:15:     grunt_enter_depths_hoard, layout_rooms, skrybe_limestone_x,
          serial_shops, shop, evilmike_butchery
Temple:   nicolae_temple_elliptical
Lair:1:   layout_chaotic_city, kennysheep_snail_temple,
          minmay_lair_oklob_chamber, uniq_gastronok
Lair:2:   layout_chaotic_city, gauntlet_entry_generic, lemuel_old_faithful
Lair:3:   gammafunk_indiana_jones, layout_gridlike,
          nicolae_spider_entry_tight_spaces, gammafunk_ghost_wrathful_warriors,
          minivault_26, uniq_snorg
Lair:4:   layout_loops_ring, elwin_shoals_entry_rocks, minmay_hedge_maze,
          grunt_megastairs_3, infiniplex_staircase_pool
Lair:5:   layout_loops_ring, slime_altar_1, serial_bayou_shore_b,
          grunt_megastairs_4
Lair:6:   cheibrodos_lair_end_hotspot, layout_cave_pods
Shoals:1: layout_shoals
Shoals:2: nzn_motion_control, layout_shoals
Shoals:3: layout_shoals, lemuel_oklob_altar
Shoals:4: shoals_end_grunt_garden, layout_shoals, serial_shops,
          nicolae_shop_stone, hangedman_shoal_volcano
Spider:1: layout_spider_delve
Spider:2: layout_chambers, nicolae_spider_circle_web,
          nicolae_spider_cling_halls, uniq_donald
Spider:3: layout_spider_delve, drop_trap
Spider:4: grunt_spider_rune_circles, uniq_arachne
Orc:1:    cheibrodos_orc_guarddog, layout_caves, ebering_ghost_xom, basic_altar,
          lightli_orcish_oven, uniq_erolcha, uniq_jorgrun, uniq_josephine,
          uniq_erica
Orc:2:    grunt_orc_tribal_feast, layout_diamond_mine, basic_altar
Vaults:1: v_misc_15, vaults_dpeg_cross, nicolae_vaults_little_ls, v_pattern_5,
          nicolae_vaults_circle_grid_b, v_misc_32,
          nicolae_vaults_little_squares_5, layout_vaults_quadrants

Skill      XL: |  1  2  3  4  5  6  7  8  9 10 11 12 13 14 15 16 17 18 19 |
---------------+----------------------------------------------------------+-----
Spellcasting   | 2 3 4 5 6 7 |  7.0
Fighting       | 1 2 3 4 5 6 8 10 11 13 14 15 16 18 | 18.8
Ice Magic      | 5 6 7 8 9 10 11 | 11.0
Translocations | 1 2 3 5 7 9 11 12 | 12.6
Shields        | 1 4 |  4.0
Summonings     | 1 3 4 5 6 8 10 12 13 | 13.1
Dodging        | 4 6 8 10 11 12 | 12.0
Armour         | 3 6 8 9 10 | 10.3
Conjurations   | 3 4 |  4.0
Air Magic      | 1 |  1.3
Stealth        | |  2.1

Action                   |  1- 3 |  4- 6 |  7- 9 | 10-12 | 13-15 | 16-18 | 19-21 || total
-------------------------+-------+-------+-------+-------+-------+-------+-------++-------
Melee: Unarmed           |    86 |    48 |       |       |       |       |       ||   134
       Dagger            |       |    74 |   157 |       |       |       |       ||   231
       Flail             |       |       |   114 |    61 |   562 |   203 |       ||   940
       Short sword       |       |       |       |   359 |       |       |       ||   359
       Staff             |       |       |       |       |    18 |       |       ||    18
       War axe           |       |       |       |       |       |   946 |   260 ||  1206
 Cast: Freeze            |    24 |    21 |       |       |       |       |       ||    45
       Frozen Ramparts   |     3 |    12 |    23 |    51 |   105 |    96 |    23 ||   313
       Summon Ice Beast  |       |       |       |    35 |    29 |    15 |     3 ||    82
       Blink             |       |       |       |     2 |     1 |     4 |       ||     7
       Ozocubu's Refrige |       |       |       |       |       |    12 |    23 ||    35
Evoke: Wand              |       |       |       |       |     1 |       |       ||     1
  Use: Scroll            |       |       |     8 |     8 |    14 |    18 |     4 ||    52
       Potion            |       |       |       |     4 |     5 |     2 |       ||    11
 Stab: Sleeping          |     2 |     2 |     2 |     3 |       |       |       ||     9
       Distracted        |       |       |       |     1 |     1 |       |       ||     2
Armor: Robe              |    31 |    25 |    17 |       |       |       |       ||    73
       Leather armour    |       |       |    35 |    61 |    39 |       |       ||   135
       Ring mail         |       |       |       |       |   101 |   416 |    46 ||   563
Dodge: Dodged            |    74 |   133 |   240 |   363 |   659 |  1796 |   253 ||  3518
Block: Other             |       |       |    34 |       |       |       |       ||    34
       Buckler           |       |       |    62 |   265 |   464 |  1126 |   174 ||  2091
       Reflection        |       |       |     6 |    16 |    29 |    27 |    17 ||    95

Table legend: (Time is in decaauts)
 A = Elapsed time spent in this place.
 B = Non-inter-level travel time spent in this place.
 C = Inter-level travel time spent in this place.
 D = Time resting spent in this place.
 E = Time spent auto-exploring this place.
 F = Levels seen in this place.
 G = Mean time per level.
                   A        B        C        D        E       F      G
               +--------+--------+--------+--------+--------+-----+--------+
         Total |  47224 |  44270 |   2954 |  11604 |  21379 |  36 | 1311.8 |
       Dungeon |  18245 |  16781 |   1464 |   3295 |   9264 |  15 | 1216.3 |
        Temple |    302 |    279 |     23 |    148 |    114 |   1 |  302.0 |
          Lair |   7944 |   7183 |    761 |   1309 |   3962 |   6 | 1324.0 |
        Shoals |   8459 |   8263 |    196 |   3230 |   3212 |   4 | 2114.8 |
   Spider Nest |   6528 |   6287 |    241 |   1339 |   3443 |   4 | 1632.0 |
  Orcish Mines |   2546 |   2280 |    266 |    582 |    829 |   2 | 1273.0 |
        Vaults |   1484 |   1484 |      0 |    824 |    373 |   1 | 1484.0 |
         Sewer |    321 |    321 |      0 |     28 |     75 |   1 |  321.0 |
        Bailey |    489 |    489 |      0 |    254 |    105 |   1 |  489.0 |
      Gauntlet |    903 |    903 |      0 |    594 |      0 |   1 |  903.0 |
               +--------+--------+--------+--------+--------+-----+--------+

Top non-repeatable levels by time:
Shoals:3: 3592 daAuts
  Lair:3: 1916 daAuts
Shoals:2: 1880 daAuts
Shoals:4: 1856 daAuts
Spider:4: 1816 daAuts
     D:8: 1777 daAuts
Spider:2: 1755 daAuts
     D:1: 1571 daAuts
     D:3: 1561 daAuts
   Orc:2: 1561 daAuts
Spider:3: 1544 daAuts
Vaults:1: 1484 daAuts
  Lair:1: 1469 daAuts
     D:9: 1453 daAuts
  Lair:4: 1422 daAuts
